 Dungeon Crawl Stone Soup version 0.28.0-53-g5a82cb258f (webtiles) character file.

Game seed: 6347233658431204436

44 DocClef the Skirmisher (level 3, -4/36 HPs)
             Began as a Draconian Fighter on June 15, 2022.
             Slain by a gnoll
             ... wielding a +0 whip
              (7 damage)
             ... on level 3 of the Dungeon.
             The game lasted 00:01:09 (1667 turns).

DocClef the Skirmisher (Draconian Fighter)          Turns: 1667, Time: 00:01:10

Health: -4/36      AC:  5    Str: 20    XL:     3   Next: 39%
Magic:  3/3        EV: 11    Int:  8    God:
Gold:   84         SH:  4    Dex: 10    Spells: 2/2 levels left

rFire   . . .      SeeInvis .   a - +0 war axe
rCold   . . .      Faith    .   b - +0 buckler
rNeg    . . .      Spirit   .   (armour unavailable)
rPois   .          Reflect  .   (helmet restricted)
rElec   .          Harm     .   (no cloak)
rCorr   .          Rampage  .   (no gloves)
Will    .....                   (no boots)
Stlth   +.........              (no amulet)
HPRegen 0.12/turn               (no ring)
MPRegen 0.08/turn               (no ring)

@: no status effects
A: AC +5, unfitting armour, cold-blooded
a: no special abilities


You were on level 3 of the Dungeon.
You visited 1 branch of the dungeon, and saw 3 of its levels.

You collected 84 gold pieces.

Inventory:

Hand Weapons
 a - a +0 war axe (weapon)
Armour
 b - a +0 buckler (worn)
Scrolls
 d - a scroll of enchant armour {unknown}
 e - a scroll of fear {unknown}
Potions
 c - a potion of might
 f - a potion of mutation {unknown}
 g - a potion of resistance {unknown}


   Skills:
 + Level 5.0 Fighting
 - Level 2.0 Axes
 - Level 2.6 Dodging
 - Level 3.0 Shields


You had 2 spell levels left.
You didn't know any spells.
Your spell library was empty.

Dungeon Overview and Level Annotations

Branches:
Dungeon (3/15)

Altars:

Shops:
D:2 :


Innate Abilities, Weirdness & Mutations

Your plain brown scales are hard. (AC +5)
You cannot fit into any form of body armour.
You are cold-blooded and may be slowed by cold attacks.


Message History

Unknown command.
You barely miss the gnoll.
You tail-slap the gnoll, but do no damage.
The gnoll is moderately wounded.
You hit the gnoll. You hit the gnoll but do no damage.
The gnoll hits you with a +0 whip. You block the gnoll's attack.
The gnoll hits you from afar with a +0 spear!
The gnoll barely misses you. You block the gnoll's attack.
The gnoll barely misses you.
You closely miss the gnoll.
The gnoll is moderately wounded.
You hit the gnoll but do no damage. x2
The gnoll hits you from afar with a +0 spear!
The gnoll closely misses you. The gnoll hits you with a +0 whip.
The gnoll hits you with a +0 flail.
* * * LOW HITPOINT WARNING * * *
You block the gnoll's attack. The gnoll closely misses you.
The gnoll hits you with a +0 flail.
* * * LOW HITPOINT WARNING * * *
The gnoll hits you with a +0 whip.
* * * LOW HITPOINT WARNING * * *
There is a stone staircase leading down here.
You block the gnoll's attack.
You climb downwards.
The hobgoblin shouts!
You hear a shout! x6; The goblin shouts!
You hear a shout!
There is a stone staircase leading up here.
You barely miss the gnoll.
You hear a shout!
The gnoll closely misses you. The gnoll barely misses you.
You hit the gnoll.
The gnoll is lightly wounded.
You closely miss the goblin.
A goblin comes into view. It is wielding a +0 dagger.
The goblin closely misses you. The gnoll barely misses you.
You barely miss the gnoll.
Your tail-slap misses the gnoll.
The gnoll is lightly wounded.
You completely miss the goblin. The goblin closely misses you.
The gnoll hits you with a +0 whip!
You die...

###
...
..#
#.#
#.#
#.#
#g#
#@#
#g#


#gg ###g .. .# .. ## You could see a gnoll, 2 hobgoblins and 2 goblins.

Vanquished Creatures
  An adder (D:2)
  4 bats
  3 endoplasms (D:1)
  2 giant cockroaches (D:1)
  2 hobgoblins (D:1)
  2 quokkas (D:1)
  5 ball pythons (D:1)
  6 goblins
  2 kobolds
  3 rats
30 creatures vanquished.

Vanquished Creatures (others)
  A fungus (D:1)
1 creature vanquished.

Grand Total: 31 creatures vanquished

Notes
Turn   | Place    | Note
-------+----------+-------------------------------------------
     0 | D:1      | DocClef the Draconian Fighter began the quest for the Orb.
     0 | D:1      | Reached XP level 1. HP: 19/19 MP: 1/1
   167 | D:1      | Found a faded altar of an unknown god.
   204 | D:1      | Reached skill level 4 in Fighting
   204 | D:1      | Reached XP level 2. HP: 22/27 MP: 2/2
   867 | D:1      | Reached XP level 3. HP: 30/34 MP: 3/3
  1471 | D:2      | Found Ylorch's Book Emporium.
  1629 | D:2      | Reached skill level 5 in Fighting
  1645 | D:2      | HP: 1/36 [gnoll/+0 whip (3)]
  1667 | D:3      | Slain by a gnoll

Illustrated notes

Levels and vault maps discovered:
D:1:      evilmike_arrival_rings, layout_loops_corners,
          shapermc_ecumenical_altar_mp_ritualfount
D:2:      layout_basic, serial_shops, nicolae_diamond_shop, uniq_jessica
D:3:      layout_loops_ring, uniq_natasha, uniq_robin

Skill      XL: |  1  2  3 |
---------------+----------+-----
Fighting       | 4 5 |  5.0
Axes           | |  2.0
Dodging        | |  2.6
Shields        | |  3.0

Action                   || total
-------------------------++-------
Melee: War axe           ||    70
       Tailslap          ||     4
Armor: Skin              ||    20
Dodge: Dodged            ||    49
Block: Buckler           ||    18
